 Dungeon Crawl Stone Soup version 0.21-a0-352-g5b8f553 (webtiles) character file.

52 tidbits the Thaumaturge (level 3, 23/25 HPs)
             Began as a Gnoll Wanderer on Oct 10, 2017.
             Quit the game on level 2 of the Dungeon.
             The game lasted 00:03:57 (398 turns).

tidbits the Thaumaturge (Gnoll Wanderer)             Turns: 398, Time: 00:03:57

Health: 23/25      AC:  2    Str: 12    XL:     3   Next: 85%
Magic:  11/13      EV: 12    Int: 17    God:
Gold:   37         SH:  0    Dex: 14    Spells: 16/20 levels left

rFire    . . .     SeeInvis .   e - +0 dagger
rCold    . . .     Gourm    .   (no shield)
rNeg     . . .     Faith    .   d - +0 robe
rPois    .         Spirit   .   (no helmet)
rElec    .         Reflect  .   (no cloak)
rCorr    .         Harm     .   (no gloves)
MR       .....                  (no boots)
Stlth    ++........             (no amulet)
HPRegen  0.08/turn              (no ring)
MPRegen  0.13/turn              (no ring)

@: no status effects
A: distributed training, fangs 1, strong nose
a: no special abilities


You were on level 2 of the Dungeon.
You were not hungry.

You visited 1 branch of the dungeon, and saw 3 of its levels.

You collected 37 gold pieces.

Inventory:

Hand Weapons
 e - a +0 dagger (weapon)
 g - a cursed -3 dagger
Missiles
 n - 2 stones (quivered)
 o - 4 tomahawks
Armour
 d - a +0 robe (worn)
 m - a +0 scale mail
Scrolls
 i - a scroll of identify {unknown}
Potions
 h - a potion of cancellation {unknown}
 j - a potion of flight {unknown}
 k - 2 potions of haste {unknown}
 l - a potion of agility {unknown}
Books
 a - a book of Geomancy

   Spells                             Type                      Level
   a - Sandblast                      Earth                        1
   b - Passwall                       Transmutation/Earth          2
   c - Stone Arrow                    Conjuration/Earth            3
   d - Petrify                        Transmutation/Earth          4
   e - Lee's Rapid Deconstruction     Earth                        5
 b - the Incunabulum of Air

   Spells                             Type                      Level
   a - Shock                          Conjuration/Air              1
   b - Static Discharge               Conjuration/Air              3
 c - Ynebic's Tome of Boosts

   Spells                             Type                      Level
   a - Shroud of Golubria             Charms/Translocation         2
   b - Swiftness                      Charms/Air                   2
Comestibles
 f - a bread ration


   Skills:
 + Level 0.9 Fighting
 + Level 0.9 Short Blades
 + Level 0.9 Long Blades
 + Level 0.9 Axes
 + Level 0.9 Maces & Flails
 + Level 0.9 Polearms
 + Level 0.9 Staves
 + Level 0.9 Slings
 + Level 0.9 Bows
 + Level 0.9 Crossbows
 + Level 0.9 Throwing
 + Level 0.9 Armour
 + Level 0.9 Dodging
 + Level 2.4 Stealth
 + Level 0.9 Shields
 + Level 0.9 Unarmed Combat
 + Level 9.3 Spellcasting
 + Level 0.9 Conjurations
 + Level 0.9 Hexes
 + Level 0.9 Charms
 + Level 2.6 Summonings
 + Level 0.9 Necromancy
 + Level 0.9 Translocations
 + Level 2.6 Transmutations
 + Level 2.6 Fire Magic
 + Level 2.6 Ice Magic
 + Level 0.9 Air Magic
 + Level 0.9 Earth Magic
 + Level 0.9 Poison Magic
 + Level 0.9 Invocations
 + Level 2.6 Evocations


You had 16 spell levels left.
You knew the following spells:

 Your Spells              Type           Power        Failure   Level  Hunger
a - Sandblast             Erth           ##....       6%          1    None
w - Passwall              Tmut/Erth      ##........   7%          2    None
z - Shock                 Conj/Air       ##..         6%          1    None


Dungeon Overview and Level Annotations

Branches:
Dungeon (3/15)

Altars:


Innate Abilities, Weirdness & Mutations

Your experience applies equally to all skills.
You have very sharp teeth.
Your uncanny sense of smell can sniff out nearby items.


Message History

The zap hits the orc.
The orc is heavily wounded.
The zap hits the orc wizard.
The orc wizard is severely wounded.
The zap hits the orc wizard.
The orc wizard is almost dead.
The orc wizard casts a spell.
The orc wizard blinks!
The orc barely misses you.
Casting: Shock
Confirm with . or Enter, or press ? or * to list all spells.
Aiming: Shock
Press: ? - help, Shift-Dir - straight line The zap hits the orc.
You kill the orc!
Things that are here:
an enchanted dagger; a scale mail; an orc corpse
g - an enchanted dagger;
m - a scale mail The kobold hits you but does no damage.
The kobold throws a stone.
The stone completely misses you.
Things that are here:
a stone; an orc corpse The kobold throws a stone.
The stone barely misses you.
You see here a stone.
Things that are here:
a stone; an orc corpse You see here a stone.
Casting: Shock
Confirm with . or Enter, or press ? or * to list all spells.
Aiming: Shock
Press: ? - help, Shift-Dir - straight line The zap hits the kobold.
The kobold is moderately wounded.
The zap misses the orc wizard.
The zap hits the orc wizard.
The orc wizard appears unharmed.
The orc wizard is almost dead.
The zap hits the kobold.
You kill the kobold!
Casting: Shock
Confirm with . or Enter, or press ? or * to list all spells.
Aiming: Shock
Press: ? - help, Shift-Dir - straight line The zap hits the orc wizard.
You kill the orc wizard!
You have reached level 3!
Your experience leads to an increase in your attributes!
Increase (S)trength, (I)ntelligence, or (D)exterity?
You feel clever.
n - a stone
n - 2 stones (gained 1)
Items here: ) [ †† a dagger; a robe; a kobold corpse; an orc corpse The orc shouts!
The orc throws a tomahawk.
The tomahawk barely misses you.
You see here a tomahawk.
The orc throws a tomahawk.
The tomahawk hits you but does no damage.
The orc throws a tomahawk.
The tomahawk completely misses you.
You see here 2 tomahawks.
Items here: ) [ †† a dagger; a robe; a kobold corpse; an orc corpse
Casting: Shock
Confirm with . or Enter, or press ? or * to list all spells.
Aiming: Shock
Press: ? - help, Shift-Dir - straight line The zap hits the orc.
The orc is lightly wounded.
The zap hits the orc.
The orc is heavily wounded.
The orc throws a tomahawk.
The tomahawk barely misses you.
Casting: Shock
Confirm with . or Enter, or press ? or * to list all spells.
Aiming: Shock
Press: ? - help, Shift-Dir - straight line The zap hits the orc.
You kill the orc!
Items here: ) [ †† a dagger; a robe; a kobold corpse; an orc corpse You see here a tomahawk.
o - a tomahawk
Items here: ) [ †† a dagger; a robe; a kobold corpse; an orc corpse
o - 3 tomahawks (gained 2)
Things that are here:
a club; a ring mail; an orc corpse
o - 4 tomahawks (gained 1)
Things that are here:
a club; an orc corpse
Found a ring mail.
You open the door.
There is an open door here.
You open the door.
A sky beast comes into view.
Found 7 gold pieces.
Found a stone staircase leading up and a stone staircase leading down.
There is an open door here.
There is a stone staircase leading up here.
You climb upwards.
Found a club.
There is a stone staircase leading down here.
Are you sure you want to abandon this character and quit the game? (Confirm with "yes".)

##+##
##).>##
#..@..#
#.......#
#.........#
+.........+
#.........#
##.......##
##.....##
##...##


There were no monsters in sight!

Vanquished Creatures
  An orc wizard (D:3)
  A dart slug (D:1)
  A leopard gecko (D:1)
  3 orcs (D:3)
  2 hobgoblins (D:1)
  2 jackals (D:1)
  A quokka (D:3)
  A ball python (D:1)
  A bat (D:1)
  2 frilled lizards
  A kobold (D:3)
  4 rats
20 creatures vanquished.

Notes
Turn   | Place    | Note
-------+----------+-------------------------------------------
     0 | D:1      | Reached skill level 9 in Spellcasting
     0 | D:1      | tidbits the Gnoll Wanderer began the quest for the Orb.
     0 | D:1      | tidbits set off with: a book of Geomancy, the Incunabulum of Air, Ynebic's Tome of Boosts, a +0 robe, a +0 dagger, a bread ration
     0 | D:1      | Reached XP level 1. HP: 13/13 MP: 10/10
     0 | D:1      | Identified the Incunabulum of Air
     0 | D:1      | Identified Ynebic's Tome of Boosts
     3 | D:1      | Learned a level 1 spell: Shock
    71 | D:1      | Learned a level 1 spell: Sandblast
    98 | D:1      | Reached XP level 2. HP: 13/19 MP: 6/12
   102 | D:1      | Learned a level 2 spell: Passwall
   344 | D:3      | Reached XP level 3. HP: 19/25 MP: 6/13
   389 | D:3      | Noticed a sky beast
   398 | D:2      | Quit the game

Vault maps used:
D:1:      dpeg_arrival_fog
D:2:      okawaru_gym_becter, serial_undead, serial_undead_e, serial_undead_f,
          serial_undead_d, serial_undead_a, kennysheep_generic_room_12,
          uniq_jessica
D:3:      nicolae_ru_great_annihilating_truth, overflow_temple_1_default

Skill      XL: | |
---------------+-+-----
Spellcasting   | |  9.3
Fighting       | |  0.9
Short Blades   | |  0.9
Long Blades    | |  0.9
Axes           | |  0.9
Maces & Flails | |  0.9
Polearms       | |  0.9
Staves         | |  0.9
Slings         | |  0.9
Bows           | |  0.9
Crossbows      | |  0.9
Throwing       | |  0.9
Armour         | |  0.9
Dodging        | |  0.9
Stealth        | |  2.4
Shields        | |  0.9
Unarmed Combat | |  0.9
Conjurations   | |  0.9
Hexes          | |  0.9
Charms         | |  0.9
Summonings     | |  2.6
Necromancy     | |  0.9
Translocations | |  0.9
Transmutations | |  2.6
Fire Magic     | |  2.6
Ice Magic      | |  2.6
Air Magic      | |  0.9
Earth Magic    | |  0.9
Poison Magic   | |  0.9
Invocations    | |  0.9
Evocations     | |  2.6

Action                   || total
-------------------------++-------
Melee: Dagger            ||     1
 Cast: Shock             ||    17
       Sandblast         ||    17
Armor: Robe              ||     2
Dodge: Dodged            ||    15

Table legend:
 A = Spawn XP
 B = Non-spawn XP
 C = Spawn XP percentage of total XP
 D = Spawn monster count
 E = Non-spawn monster count
 F = Spawn count percentage of total count
 G = Total turns spent on level
                    A         B        C        D         E        F      G
               +---------+---------+-------+---------+---------+-------+---------
         Total |       0 |      75 |   0.0 |       0 |      20 |   0.0 |   398
               +---------+---------+-------+---------+---------+-------+---------
           D:1 |       0 |      21 |   0.0 |       0 |      12 |   0.0 |   216
           D:2 |       0 |       2 |   0.0 |       0 |       2 |   0.0 |    76
           D:3 |       0 |      52 |   0.0 |       0 |       6 |   0.0 |   106
               +---------+---------+-------+---------+---------+-------+---------

Table legend:
 A = Turns spent in this place as a percentage of turns spent in the entire game.
 B = Non-inter-level travel turns spent in this place as a percentage of non-inter-level travel turns spent in the entire game.
 C = Inter-level travel turns spent in this place as a percentage of turns spent in this place.
 D = Turns resting spent in this place as a percentage of non-inter-level travel turns spent in this place.
 E = Turns spent auto-exploring this place as a percentage of non-inter-level travel turns spent in this place.
 F = Non-inter-level travel turns spent in this place divided by the number of levels of this place that you've seen.
                   A       B       C       D       E      F
               +-------+-------+-------+-------+-------+----------------------
         Total | 100.0 | 100.0 |   0.0 |   0.0 |   0.0 | 132.7
       Dungeon | 100.0 | 100.0 |   0.0 |   0.0 |   0.0 | 132.7
               +-------+-------+-------+-------+-------+----------------------

Table legend:
 A = Kills in this place as a percentage of kills in entire the game.
 B = Kills by you in this place as a percentage of kills by you in the entire game.
 C = Kills by friends in this place as a percentage of kills by friends in the entire game.
 D = Other kills in this place as a percentage of other kills in the entire game.
 E = Experience gained in this place as a percentage of experience gained in the entire game.
 F = Experience gained in this place divided by the number of levels of this place that you have seen.
                   A       B       C       D       E      F
               +-------+-------+-------+-------+-------+----------------------
         Total | 100.0 | 100.0 |   N/A |   N/A | 100.0 |  25.0
       Dungeon | 100.0 | 100.0 |   N/A |   N/A | 100.0 |  25.0
               +-------+-------+-------+-------+-------+----------------------

Vault maps used:
D:1:      dpeg_arrival_fog
D:2:      okawaru_gym_becter, serial_undead, serial_undead_e, serial_undead_f,
          serial_undead_d, serial_undead_a, kennysheep_generic_room_12,
          uniq_jessica
D:3:      nicolae_ru_great_annihilating_truth, overflow_temple_1_default
